[Event "Titled Tuesday Blitz July 26 Early 2022"]
[White "Matinian, Nikita"]
[Black "Paravyan, David"]
[WhiteFideId "24129100"]
[BlackFideId "4194985"]
[WhiteElo "2422"]
[BlackElo "2569"]
[Result "1/2-1/2"]
[Round "03"]
[TimeControl "180+1"]
[Date "2022.07.26"]
[WhiteClock "0:00:12"]
[BlackClock "0:00:09"]

1. e4 e5 2. Nf3 Nf6 3. Nxe5 d6 4. Nf3 Nxe4 5. Qe2 Qe7 6. d3 Nf6 7. Bg5 Qxe2+ 8. Bxe2 Be7 9. Nc3 h6 10. Bd2 c6 11. O-O-O Na6 12. Rde1 Nc7 13. Bd1 Ne6 14. Nh4 g6 15. f4 Ng7 16. h3 Be6 17. g4 Nd5 18. Nf3 Kd7 19. Nd4 Bf6 20. Nxe6 fxe6 21. Ne4 Bh4 22. Ref1 Rhf8 23. c4 Nf6 24. Bc3 Nxe4 25. dxe4 Bf6 26. e5 dxe5 27. fxe5 Be7 28. Bc2 g5 29. Bg6 Rxf1+ 30. Rxf1 Rf8 31. Rxf8 Bxf8 32. Kc2 Ne8 33. Kd3 Nc7 34. b4 b5 35. Be4 a6 36. a3 Be7 37. Be1 bxc4+ 38. Kxc4 Nd5 39. Bd3 Kc7 40. Bf2 Bd8 41. Bf1 Kb7 42. Kd3 Bb6 43. Bxb6 Kxb6 44. Kd4 Nf4 45. Bc4 Nd5 46. Bd3 Nf4 47. Bc4 Nd5 48. Bb3 Nf4 49. Bc4 1/2-1/2


[Site "https://www.chess.com"]

[Event "Titled Tuesday Blitz July 26 Early 2022"]
[White "Melikyan, Gnel"]
[Black "Garrido, Denis"]
[WhiteFideId "54109990"]
[BlackFideId "601217"]
[WhiteElo "1772"]
[BlackElo "2403"]
[Result "0-1"]
[Round "03"]
[TimeControl "180+1"]
[Date "2022.07.27"]
[WhiteClock "0:00:02"]
[BlackClock "0:00:38"]

1. e4 e5 2. Nf3 Nc6 3. Bc4 Nf6 4. Ng5 d5 5. exd5 Na5 6. Bb5+ c6 7. dxc6 bxc6 8. Qf3 cxb5 9. Qxa8 Qc7 10. Nc3 Be7 11. b4 Nc6 12. Nxb5 Qd7 13. Nc3 O-O 14. O-O Bb7 15. Qxf8+ Bxf8 16. a3 Qg4 17. Nge4 Nxe4 18. f3 Qg6 19. Nxe4 Nd4 20. d3 Nxc2 21. Ra2 Nd4 22. Be3 Bd5 23. Rd2 Qb6 24. Kf2 f5 25. Nc3 Bb7 26. Ne2 a5 27. Rc1 axb4 28. axb4 Bxb4 29. Ra2 Bc5 30. f4 exf4 31. Nxf4 Nb3 32. Rxc5 Nxc5 33. Rc2 Nxd3+ 34. Nxd3 Qb3 35. Rd2 h6 36. Ne5 Qe6 37. Bd4 Qd5 38. Nf3 g5 39. Be3 Qc6 40. Ne1 f4 41. Bd4 g4 42. h3 g3+ 43. Kg1 Qc1 0-1


[Site "https://www.chess.com"]

[Event "Titled Tuesday Blitz July 26 Early 2022"]
[White "Meshkovs, Nikita"]
[Black "Oparin, Grigoriy"]
[WhiteFideId "11602740"]
[BlackFideId "24125890"]
[WhiteElo "2506"]
[BlackElo "2639"]
[Result "0-1"]
[Round "03"]
[TimeControl "180+1"]
[Date "2022.07.26"]
[WhiteClock "0:00:01"]
[BlackClock "0:00:13"]

1. d4 Nf6 2. c4 e6 3. Nf3 Bb4+ 4. Bd2 a5 5. g3 d5 6. Bg2 dxc4 7. Qc2 b6 8. a3 Bxd2+ 9. Nbxd2 b5 10. a4 c6 11. b3 cxb3 12. Nxb3 O-O 13. O-O Nd5 14. Ne5 b4 15. Nc5 Ra7 16. Rfd1 Nc3 17. Rd3 Ba6 18. Rxc3 bxc3 19. e3 Qe7 20. Bh3 Bb7 21. Rb1 Na6 22. Nxa6 Rxa6 23. Qxc3 Qc7 24. Qb3 Bc8 25. Bg2 c5 26. Qc2 Rb6 27. Rxb6 Qxb6 28. dxc5 Qb4 29. c6 Qe1+ 30. Bf1 Ba6 31. Nd3 Qa1 32. Kg2 Rc8 33. Be2 Qa3 34. Ne5 Bxe2 35. Qxe2 Qxa4 36. Qa6 Rf8 37. c7 Qe4+ 38. Nf3 Qa8 39. Qd6 a4 40. e4 a3 41. Ne5 a2 42. Nd7 Re8 0-1


[Site "https://www.chess.com"]

[Event "Titled Tuesday Blitz July 26 Early 2022"]
[White "Mikhailovsky, Vladimir"]
[Black "Schekachikhin, Maksim"]
[WhiteFideId "34105414"]
[BlackFideId "24177830"]
[WhiteElo "2303"]
[BlackElo "2239"]
[Result "1-0"]
[Round "03"]
[TimeControl "180+1"]
[Date "2022.07.26"]
[WhiteClock "0:00:39"]
[BlackClock "0:00:28"]

1. e4 c5 2. Nf3 a6 3. c3 d5 4. exd5 Qxd5 5. d4 e6 6. Be3 Nd7 7. Nbd2 Ngf6 8. Bc4 Qc6 9. O-O Be7 10. Ne5 Nxe5 11. dxe5 Nd7 12. Qg4 g5 13. f4 h5 14. Qe2 Rg8 15. a4 b6 16. Bd3 Bb7 17. Be4 Qc7 18. Qxh5 gxf4 19. Bxf4 O-O-O 20. Qxf7 Bxe4 21. Nxe4 Nxe5 22. Qxe6+ Rd7 23. Bxe5 1-0


[Site "https://www.chess.com"]

[Event "Titled Tuesday Blitz July 26 Early 2022"]
[White "Mindlin, Alon"]
[Black "Suleymanli, Aydin"]
[WhiteFideId "2800071"]
[BlackFideId "13413937"]
[WhiteElo "2390"]
[BlackElo "2481"]
[Result "0-1"]
[Round "03"]
[TimeControl "180+1"]
[Date "2022.07.26"]
[WhiteClock "0:00:09"]
[BlackClock "0:00:15"]

1. d4 Nf6 2. c4 e6 3. Nf3 d5 4. Nc3 dxc4 5. e3 a6 6. Bxc4 b5 7. Bd3 Bb7 8. O-O Nbd7 9. Qe2 c5 10. Rd1 Rc8 11. a4 c4 12. Bb1 b4 13. Na2 a5 14. e4 c3 15. Bg5 Qb6 16. e5 Nd5 17. Be4 c2 18. Rd3 Ba6 19. Nc1 h6 20. Bxd5 hxg5 21. Be4 Be7 22. h3 O-O 23. Nxg5 Bxg5 24. Qh5 f5 25. Rg3 Bf4 26. Rg6 Qxd4 27. Bf3 Nxe5 28. Rxe6 Nxf3+ 29. gxf3 Qd1+ 30. Kg2 Qf1# 0-1


[Site "https://www.chess.com"]

[Event "Titled Tuesday Blitz July 26 Early 2022"]
[White "Mitrabha, Guha"]
[Black "Bortnyk, Olexandr"]
[WhiteFideId "5057000"]
[BlackFideId "14120828"]
[WhiteElo "2499"]
[BlackElo "2723"]
[Result "0-1"]
[Round "03"]
[TimeControl "180+1"]
[Date "2022.07.26"]
[WhiteClock "0:01:14"]
[BlackClock "0:00:54"]

1. Nf3 Nf6 2. g3 g6 3. Bg2 Bg7 4. O-O O-O 5. d4 d6 6. c4 Bf5 7. Nc3 Ne4 8. Bd2 c6 9. Rc1 Re8 10. Nh4 Nxd2 11. Qxd2 Bd7 12. e3 Na6 13. a3 e5 14. Nf3 exd4 15. Nxd4 Nc5 16. Qc2 Bxd4 17. exd4 Bf5 18. Qd1 Nd3 19. Rb1 h5 20. Qd2 Qf6 21. d5 Ne5 22. b3 Bxb1 23. Rxb1 Nf3+ 24. Bxf3 Qxf3 25. h4 Re5 26. Rf1 Rae8 27. b4 g5 28. hxg5 h4 29. Qf4 Qxc3 30. Qxh4 Re1 0-1


[Site "https://www.chess.com"]

[Event "Titled Tuesday Blitz July 26 Early 2022"]
[White "Molina, Roberto Junio Brito"]
[Black "Bilan, Danila"]
[WhiteFideId "2109450"]
[BlackFideId "24161918"]
[WhiteElo "2432"]
[BlackElo "2164"]
[Result "1-0"]
[Round "03"]
[TimeControl "180+1"]
[Date "2022.07.26"]
[WhiteClock "0:00:24"]
[BlackClock "0:00:05"]

1. d4 d5 2. Nf3 Nf6 3. e3 c5 4. c3 Nc6 5. Nbd2 cxd4 6. exd4 Bg4 7. Bd3 e6 8. h3 Bh5 9. Qb3 Qc8 10. O-O Bd6 11. Re1 O-O 12. a4 a6 13. Qc2 Bg6 14. Bxg6 hxg6 15. Nb3 b5 16. axb5 axb5 17. Rxa8 Qxa8 18. Qd3 b4 19. c4 dxc4 20. Qxc4 Nd5 21. Bd2 Na5 22. Nxa5 Qxa5 23. Rc1 Qb6 24. Qc6 Qxc6 25. Rxc6 Be7 26. Kf1 Ra8 27. Ke2 Ra2 28. Rc2 f6 29. Kd3 Kf7 30. Bc1 Ra1 31. g3 g5 32. Rc4 Bd6 33. Nd2 Ke7 34. Nf3 Ra8 35. h4 gxh4 36. Nxh4 g5 37. Nf3 Rh8 38. Be3 Rh1 39. Rc1 Rh7 40. Nd2 Kf7 41. Nc4 Be7 42. Ra1 Kg6 43. Ra6 Kf5 44. f3 g4 45. fxg4+ Kxg4 46. Rxe6 Kxg3 47. Ke4 Rh4+ 48. Kxd5 Bd8 49. Nd6 Rh5+ 50. Kc4 f5 51. Bd2 f4 52. Bxb4 f3 53. Be1+ Kg2 54. Ne4 Kf1 55. Ng3+ Kg2 56. Nxh5 Bg5 57. Rg6 f2 58. Bxf2 Kh1 59. Rxg5 Kh2 1-0


[Site "https://www.chess.com"]

[Event "Titled Tuesday Blitz July 26 Early 2022"]
[White "Munkhgal, Gombosuren"]
[Black "Melkumyan, Hrant"]
[WhiteFideId "4901266"]
[BlackFideId "13302485"]
[WhiteElo "2576"]
[BlackElo "2604"]
[Result "1-0"]
[Round "03"]
[TimeControl "180+1"]
[Date "2022.07.26"]
[WhiteClock "0:00:07"]
[BlackClock "0:00:10"]

1. d4 Nf6 2. Bf4 d5 3. e3 c5 4. dxc5 e6 5. b4 a5 6. c3 Nc6 7. Bb5 Bd7 8. Qb3 Ne4 9. Nf3 b6 10. Bxc6 Bxc6 11. Nd4 Qc8 12. f3 axb4 13. fxe4 Ba4 14. Qb2 bxc5 15. Ne2 dxe4 16. O-O Bb5 17. cxb4 cxb4 18. Rc1 Qa6 19. Nd4 Bd3 20. Rc6 Qa4 21. Nd2 Be7 22. Qb3 O-O 23. Qxa4 Rxa4 24. Bd6 Bxd6 25. Rxd6 Rfa8 26. Rb6 h6 27. Rd1 Rxa2 28. Rxb4 g5 29. h3 Kg7 30. Rb7 Kg6 31. g4 Rc8 32. Kf2 Rc3 33. Rb6 h5 34. Rc6 Rxc6 35. Nxc6 Bc2 36. Nb4 Rb2 37. Nxc2 Rxc2 38. Ke2 f5 39. gxf5+ exf5 40. Rb1 Rc6 41. Rb5 h4 42. Nb3 Rc2+ 43. Kf1 Rh2 44. Nd4 Rxh3 45. Rb6+ Kh5 46. Kf2 Kg4 47. Rb5 Rg3 48. Rxf5 h3 49. Rxg5+ Kxg5 50. Kxg3 h2 51. Kxh2 Kg4 52. Kg2 Kh4 53. Kf2 Kg4 54. Ne2 Kf5 55. Nc3 Ke5 56. Kg3 Kf5 57. Kh4 1-0


[Site "https://www.chess.com"]

[Event "Titled Tuesday Blitz July 26 Early 2022"]
[White "Odegov, Artem"]
[Black "Seo, Jung Min"]
[WhiteFideId "34183644"]
[BlackFideId "1734687"]
[WhiteElo "2286"]
[BlackElo "2414"]
[Result "0-1"]
[Round "03"]
[TimeControl "180+1"]
[Date "2022.07.26"]
[WhiteClock "0:00:02"]
[BlackClock "0:01:30"]

1. d4 e6 2. c4 b6 3. Nf3 Bb7 4. g3 Nf6 5. Bg2 Bb4+ 6. Bd2 Be7 7. O-O O-O 8. Bg5 Ne4 9. Bxe7 Qxe7 10. Nc3 Nxc3 11. bxc3 d6 12. Qc2 Nd7 13. Ng5 Qxg5 14. Bxb7 Rab8 15. Bg2 Qe7 16. f4 c5 17. e4 cxd4 18. cxd4 e5 19. Rad1 Rbc8 20. Kh1 Rc7 21. Bh3 Nf6 22. d5 b5 23. Qg2 Rxc4 24. Rde1 exf4 25. Rxf4 Nxd5 26. Rh4 Nf6 27. Qf3 d5 28. Bf5 g6 29. e5 Rxh4 30. gxh4 Ne4 31. Bxe4 Qxe5 32. Bxd5 Qxe1+ 33. Kg2 Qxh4 34. Qf4 0-1


[Site "https://www.chess.com"]

[Event "Titled Tuesday Blitz July 26 Early 2022"]
[White "Pakleza, Zbigniew"]
[Black "Skliarov, Viktor"]
[WhiteFideId "1119290"]
[BlackFideId "14106736"]
[WhiteElo "2467"]
[BlackElo "2257"]
[Result "1/2-1/2"]
[Round "03"]
[TimeControl "180+1"]
[Date "2022.07.26"]
[WhiteClock "0:00:12"]
[BlackClock "0:00:08"]

1. d4 Nf6 2. Nf3 g6 3. Bf4 Bg7 4. e3 O-O 5. Be2 d6 6. h3 c5 7. c3 Qb6 8. Qb3 Be6 9. Qxb6 axb6 10. a3 cxd4 11. exd4 Nh5 12. Bh2 Bh6 13. O-O Nf4 14. Re1 Nxe2+ 15. Rxe2 Nc6 16. Nbd2 b5 17. Rd1 Bd5 18. Bg3 Rfe8 19. Rde1 Kf8 20. Nh2 f5 21. f4 Bg7 22. Nhf3 h6 23. Bh4 Kf7 24. Kf2 Bf8 25. g4 Na5 26. Bg3 Nc4 27. Nxc4 bxc4 28. Nd2 e6 29. Bh4 Bg7 30. gxf5 gxf5 31. Nf1 Be4 32. Ng3 d5 33. Nh5 Bh8 34. Rg1 Rg8 35. Ree1 b5 36. Ke3 Rxg1 37. Rxg1 Rg8 38. Rxg8 Kxg8 39. Be7 Kf7 40. Bd6 Kg6 41. Ng3 Bf6 42. Nf1 Bh4 43. Nd2 Be1 44. Ke2 Bxd2 45. Kxd2 Bg2 46. h4 Kh5 47. Be7 Kg4 48. Ke3 Be4 49. Bf8 h5 50. Be7 1/2-1/2


[Site "https://www.chess.com"]

[Event "Titled Tuesday Blitz July 26 Early 2022"]
[White "Przybylski, Wojciech"]
[Black "Aldokhin, Ivan"]
[WhiteFideId "1117599"]
[BlackFideId "24115720"]
[WhiteElo "2133"]
[BlackElo "2246"]
[Result "1-0"]
[Round "03"]
[TimeControl "180+1"]
[Date "2022.07.27"]
[WhiteClock "0:00:07"]
[BlackClock "0:00:07"]

1. d4 Nf6 2. c4 g6 3. Nc3 Bg7 4. g3 d6 5. Bg2 O-O 6. e3 Nbd7 7. Nge2 e5 8. O-O c6 9. Rb1 Re8 10. b4 h5 11. b5 c5 12. dxc5 Nxc5 13. Ba3 Bf5 14. Rc1 Nd3 15. Ra1 Qa5 16. Qa4 Qc7 17. Rad1 e4 18. Nd4 Bg4 19. Rd2 Ne5 20. Nxe4 Nxe4 21. Bxe4 Qxc4 22. Qb3 d5 23. Bxd5 Qxb3 24. axb3 Rad8 25. Bxb7 Rb8 26. Bg2 h4 27. h3 Bc8 28. gxh4 Rb6 29. f4 Nd7 30. Kf2 Nf6 31. Rc2 Bb7 32. Bc6 Bxc6 33. bxc6 Nd5 34. Bc5 Ra6 35. Re1 Nf6 36. Kf3 Ne4 37. b4 f5 38. c7 Ra4 39. Nb5 Rc8 40. Rd1 Ra6 41. Rd8+ Kf7 42. Rxc8 Ra1 43. Nd6+ Ke6 44. Nxe4 fxe4+ 45. Kxe4 Ra3 46. Rd8 Kf7 47. c8=Q Bf6 48. Qd7+ 1-0


[Site "https://www.chess.com"]

[Event "Titled Tuesday Blitz July 26 Early 2022"]
[White "Raja Harshit"]
[Black "Ladan, Nicholas"]
[WhiteFideId "5089000"]
[BlackFideId "30918855"]
[WhiteElo "2338"]
[BlackElo "2167"]
[Result "1-0"]
[Round "03"]
[TimeControl "180+1"]
[Date "2022.07.27"]
[WhiteClock "0:00:14"]
[BlackClock "0:00:01"]

1. e4 e5 2. Nf3 Nc6 3. Bb5 a6 4. Ba4 g6 5. O-O Bg7 6. d4 exd4 7. c3 b5 8. Bb3 Na5 9. cxd4 Ne7 10. Bc2 O-O 11. d5 d6 12. Bd2 c5 13. Bc3 Bg4 14. Bxg7 Kxg7 15. h3 Bxf3 16. Qxf3 Nc4 17. Qc3+ f6 18. b3 Ne5 19. f4 Nf7 20. Nd2 a5 21. a4 Qb6 22. axb5 c4+ 23. Kh2 cxb3 24. Bxb3 Rfc8 25. Qd3 Qc5 26. Rfc1 Qf2 27. Nf3 Rxc1 28. Rxc1 a4 29. Rc2 Qb6 30. Ba2 a3 31. Nd4 Nd8 32. Nc6 Ng8 33. Nxd8 Rxd8 34. Qxa3 Qd4 35. Qf3 Rb8 36. Rc7+ Kh8 37. Bc4 Qb2 38. Bf1 Ra8 39. Qc3 Qf2 40. Qf3 Qd2 41. b6 Qb2 42. b7 Rb8 43. Ba6 Qb6 44. Rc8 Rxb7 45. Bxb7 Qxb7 46. Rc6 Qb4 47. Qe3 Ne7 48. Rc7 Ng8 49. Rc8 Qb7 50. Qc3 Qe7 51. Rc7 Qxe4 52. Qf3 Qf5 53. Rc6 g5 54. Rxd6 gxf4 55. Rd8 Qe5 56. d6 Kg7 57. Qg4+ Kf7 58. Qxg8# 1-0


[Site "https://www.chess.com"]

[Event "Titled Tuesday Blitz July 26 Early 2022"]
[White "Rohith Krishna S"]
[Black "Martinez Alcantara, Jose Eduardo"]
[WhiteFideId "46617051"]
[BlackFideId "3805662"]
[WhiteElo "2117"]
[BlackElo "2703"]
[Result "0-1"]
[Round "03"]
[TimeControl "180+1"]
[Date "2022.07.26"]
[WhiteClock "0:00:07"]
[BlackClock "0:00:06"]

1. Nf3 c5 2. g3 Nc6 3. Bg2 g6 4. O-O Bg7 5. c3 e5 6. d3 Nge7 7. e4 O-O 8. a3 d6 9. b4 a6 10. Be3 b6 11. Qc1 Be6 12. Bh6 f6 13. Rd1 Rc8 14. Bxg7 Kxg7 15. Qb2 Qc7 16. d4 cxd4 17. cxd4 Bg4 18. Nbd2 b5 19. h3 Bxf3 20. Nxf3 Rfd8 21. h4 Nxd4 22. Nxd4 exd4 23. Rac1 Qb6 24. Rxc8 Rxc8 25. Rxd4 Rc6 26. Kh2 Qc7 27. Rd2 Rc4 28. Qb3 Nc6 29. Bf1 Rc1 30. Bh3 Ne5 31. Kg2 Nc4 32. Re2 Ra1 33. Ra2 Rxa2 34. Qxa2 Qc6 35. Kh2 Qxe4 36. a4 Qd4 37. axb5 axb5 38. Bg2 Ne5 39. f3 Qxb4 40. Qe6 Qd2 41. Qe7+ Nf7 42. f4 b4 43. h5 gxh5 44. Kh3 b3 45. Qb7 Qd3 46. Bd5 Qg6 47. Qxb3 Qf5+ 48. Kh2 Qd7 49. Be6 Qe7 50. Qd5 Nh6 51. Kh3 Kh8 52. Kh4 Kg7 53. Kh3 Kg6 54. f5+ Kg7 55. Qd1 Nf7 56. Qxh5 Ng5+ 57. Kh4 Nxe6 58. fxe6 Qxe6 59. Qa5 Qe4+ 60. g4 Qh1+ 61. Kg3 Qg1+ 62. Kh4 Qf2+ 63. Kh3 Qe3+ 64. Kh4 Qe7 65. Qf5 Qf7 66. Kh3 d5 67. Kh4 d4 68. Qe4 Qd7 69. Qd3 h6 70. Kh3 Qd5 71. Kh4 Qd7 72. Kg3 Qd6+ 73. Kh4 Qh2+ 74. Qh3 Qxh3+ 75. Kxh3 d3 0-1


[Site "https://www.chess.com"]

[Event "Titled Tuesday Blitz July 26 Early 2022"]
[White "Rostomyan, Mikayel"]
[Black "Nathan, Nitish"]
[WhiteFideId "13313754"]
[BlackFideId "30927870"]
[WhiteElo "1201"]
[BlackElo "2291"]
[Result "1/2-1/2"]
[Round "03"]
[TimeControl "180+1"]
[Date "2022.07.27"]
[WhiteClock "0:00:08"]
[BlackClock "0:00:06"]

1. Nf3 Nf6 2. e3 d5 3. c4 c6 4. Nc3 e6 5. b3 Bd6 6. Bb2 Nbd7 7. d4 O-O 8. Be2 b6 9. O-O Bb7 10. Bd3 c5 11. cxd5 exd5 12. Rc1 cxd4 13. Nxd4 Ne5 14. Be2 Qb8 15. Ncb5 Bc5 16. b4 Bxb4 17. Nc7 Bd6 18. Nxa8 Bxa8 19. Nf5 Bc5 20. Qb3 Neg4 21. g3 Qb7 22. Bd4 Qd7 23. Bxg4 Nxg4 24. Bxc5 bxc5 25. Nh4 c4 26. Qc3 Qc6 27. Qd4 Nf6 28. Nf5 Qe6 29. Qf4 Ne4 30. Rfd1 Bb7 31. Qg4 Qf6 32. Qf4 g5 33. Qf3 Bc8 34. Nd4 Qh6 35. Qg2 Bh3 36. Qf3 f5 37. Nb5 Bg4 38. Qg2 Bxd1 39. Rxd1 Qc6 40. Nd4 Qd6 41. Qh3 Qe5 42. Qh6 Nc3 43. Qxg5+ Kh8 44. Rc1 Ne4 45. Qh6 Rb8 46. Nf3 Qb2 47. Rf1 Qf6 48. Qf4 Rc8 49. Nd4 Nd6 50. g4 Rg8 51. h3 h5 52. f3 hxg4 53. fxg4 Ne4 54. Kh2 Qh4 55. Qe5+ Rg7 56. Rxf5 Ng5 57. Rf8+ Kh7 58. Qf5+ Rg6 59. Rf7+ Nxf7 60. Qxf7+ Rg7 61. Qf5+ Rg6 62. Nf3 Qf2+ 63. Kh1 Qf1+ 64. Kh2 Qf2+ 65. Kh1 Qf1+ 66. Kh2 Qf2+ 1/2-1/2


[Site "https://www.chess.com"]

[Event "Titled Tuesday Blitz July 26 Early 2022"]
[White "Rustemov, Alexander"]
[Black "Castaneda, Jhon David"]
[WhiteFideId "4119002"]
[BlackFideId "4405048"]
[WhiteElo "2819"]
[BlackElo "2152"]
[Result "0-1"]
[Round "03"]
[TimeControl "180+1"]
[Date "2022.07.26"]
[WhiteClock "0:00:04"]
[BlackClock "0:00:08"]

1. d4 Nf6 2. c4 e6 3. Nf3 d5 4. Nc3 Bb4 5. Bg5 Nbd7 6. e3 h6 7. Bxf6 Qxf6 8. Qb3 Bxc3+ 9. bxc3 dxc4 10. Bxc4 O-O 11. O-O e5 12. Rfd1 exd4 13. cxd4 Nb6 14. Ne5 c6 15. Be2 Be6 16. Qb4 Rfe8 17. a4 Qe7 18. Rab1 Nd5 19. Qxe7 Rxe7 20. Rdc1 Bf5 21. Rb2 f6 22. Nc4 Rd8 23. Bf1 Kf8 24. a5 a6 25. Nd2 g5 26. Nb3 Bc8 27. Nc5 f5 28. Bc4 Nf6 29. Re2 f4 30. Rce1 Bg4 31. f3 Bc8 32. exf4 Rxe2 33. Rxe2 gxf4 34. Be6 Nd5 35. Bxc8 Rxc8 36. Nxb7 Rb8 37. Nc5 Rb1+ 38. Kf2 Ne3 39. Rd2 Rf1+ 40. Ke2 Ra1 41. Kd3 Rxa5 42. Ne6+ Ke7 43. Nxf4 Nf5 44. g4 Ra3+ 45. Ke2 Nd6 46. Kf2 Nb5 47. d5 c5 48. Re2+ Kd7 49. Re6 Nd4 50. Rxh6 Rxf3+ 51. Kg2 Rxf4 52. Kg3 Re4 53. Rxa6 c4 54. Ra4 Nb3 55. h4 Nc5 56. h5 Nxa4 57. h6 Re8 58. g5 c3 59. g6 c2 60. h7 c1=Q 61. g7 Qd1 62. g8=Q Qg1+ 63. Kf4 Rxg8 64. hxg8=Q Qxg8 65. Ke5 Qe8+ 66. Kd4 Qe7 0-1


[Site "https://www.chess.com"]

[Event "Titled Tuesday Blitz July 26 Early 2022"]
[White "Rychagov, Andrey"]
[Black "Shimanov, Aleksandr"]
[WhiteFideId "4119932"]
[BlackFideId "4198603"]
[WhiteElo "2481"]
[BlackElo "2605"]
[Result "0-1"]
[Round "03"]
[TimeControl "180+1"]
[Date "2022.07.26"]
[WhiteClock "0:00:01"]
[BlackClock "0:00:15"]

1. d4 d5 2. c4 c6 3. cxd5 cxd5 4. Bf4 Nc6 5. e3 Nf6 6. Nc3 a6 7. Bd3 Bg4 8. Nge2 e6 9. O-O Be7 10. Rc1 O-O 11. f3 Bh5 12. Na4 Rc8 13. Bg3 Bg6 14. Nf4 Nd7 15. Bxg6 hxg6 16. Nd3 Qa5 17. a3 Qb5 18. Nc3 Qb6 19. Na4 Qa7 20. b4 Nb6 21. Nxb6 Qxb6 22. Nc5 Rfd8 23. Qd3 a5 24. b5 Na7 25. a4 Bxc5 26. dxc5 Rxc5 27. Qd4 Rdc8 28. Rc3 f6 29. f4 f5 30. Rfc1 Rxc3 31. Qxb6 Rxc1+ 32. Be1 Nxb5 33. Qxb5 Rxe1+ 34. Kf2 Ra1 35. Qxb7 Rc2+ 36. Kg3 Raa2 37. Qb8+ Kh7 38. Qd8 Rxg2+ 39. Kh3 Rxh2+ 40. Kg3 Rag2+ 41. Kf3 Rg4 42. Qe7 Rh3+ 43. Ke2 Rgg3 0-1


[Site "https://www.chess.com"]

[Event "Titled Tuesday Blitz July 26 Early 2022"]
[White "Sadubayev, Airat"]
[Black "Le, Tuan Minh"]
[WhiteFideId "13713264"]
[BlackFideId "12401153"]
[WhiteElo "2163"]
[BlackElo "2530"]
[Result "0-1"]
[Round "03"]
[TimeControl "180+1"]
[Date "2022.07.26"]
[WhiteClock "0:00:03"]
[BlackClock "0:00:24"]

1. d4 d5 2. c4 c6 3. Nf3 Nf6 4. e3 Bf5 5. Nc3 e6 6. Bd3 Bg6 7. O-O Nbd7 8. b3 Bd6 9. Bb2 Ne4 10. Re1 O-O 11. Ne2 Qb8 12. h3 f5 13. cxd5 exd5 14. a3 Bh5 15. Nd2 Bh2+ 16. Kf1 f4 17. exf4 Rxf4 18. Nxe4 dxe4 19. Bc4+ Kh8 20. Qd2 Rf8 21. Qe3 Nf6 22. Rad1 Nd5 23. Bxd5 cxd5 24. Qg5 Bxe2+ 25. Rxe2 Qd6 26. g3 Bxg3 27. Kg2 Bf4 28. Qg4 Rf6 29. Kh1 Rg6 30. Qh5 Rf8 31. Rg1 Rxg1+ 32. Kxg1 g6 33. Qg4 Rf5 34. Kf1 Qa6 35. Ke1 Qd3 36. Qh4 Qb1+ 0-1


[Site "https://www.chess.com"]

[Event "Titled Tuesday Blitz July 26 Early 2022"]
[White "Sadykov, Ramil"]
[Black "Harsh Suresh"]
[WhiteFideId "24113590"]
[BlackFideId "45018464"]
[WhiteElo "2226"]
[BlackElo "2059"]
[Result "0-1"]
[Round "03"]
[TimeControl "180+1"]
[Date "2022.07.27"]
[WhiteClock "0:00:02"]
[BlackClock "0:00:05"]

1. e4 c5 2. Nf3 d6 3. Bc4 Nc6 4. d3 Nf6 5. c3 Bg4 6. Nbd2 e6 7. h3 Bh5 8. Bb3 Be7 9. Nf1 h6 10. Ng3 Bxf3 11. Qxf3 g5 12. Be3 Qc7 13. Nh5 Nxh5 14. Qxh5 Ne5 15. Qe2 Ng6 16. Ba4+ Kd8 17. O-O f5 18. exf5 exf5 19. f4 Qa5 20. Bb3 Rf8 21. Qh5 gxf4 22. Bxf4 Nxf4 23. Rxf4 Bg5 24. Rf3 Qb6 25. Kh1 a5 26. Raf1 f4 27. R3f2 a4 28. Bd5 Kc7 29. Re2 Rad8 30. Rfe1 Kb8 31. a3 Ka7 32. Rb1 Qb5 33. Qf3 Bf6 34. c4 Qb3 35. Rbe1 Be5 36. Rd2 Rd7 37. Qd1 Rg7 38. Qxb3 axb3 39. Rf1 Rg3 40. Rf3 Rf6 41. Kg1 h5 42. Kf1 h4 43. Rxg3 fxg3+ 44. Bf3 b5 45. cxb5 d5 46. Ke1 c4 47. dxc4 dxc4 48. a4 c3 49. Rd7+ Kb6 50. Rb7+ Ka5 51. bxc3 Bxc3+ 52. Ke2 b2 53. Be4 Re6 0-1


[Site "https://www.chess.com"]

[Event "Titled Tuesday Blitz July 26 Early 2022"]
[White "Sarana, Alexey"]
[Black "Agasarov, Benik"]
[WhiteFideId "24133795"]
[BlackFideId "13314823"]
[WhiteElo "2666"]
[BlackElo "2715"]
[Result "1-0"]
[Round "03"]
[TimeControl "180+1"]
[Date "2022.07.26"]
[WhiteClock "0:02:13"]
[BlackClock "0:01:29"]

1. c4 e5 2. g3 Nf6 3. Bg2 d5 4. cxd5 Nxd5 5. Nc3 Nb6 6. d3 Nc6 7. Be3 Be6 8. Nf3 Be7 9. O-O O-O 10. Rc1 Nd5 11. Bd2 f6 12. Ne4 Qd7 13. Nc5 Bxc5 14. Rxc5 Rad8 15. a3 b6 16. Rc1 Nd4 17. b4 Bh3 18. Bxh3 Nxf3+ 19. Kg2 Nf4+ 20. Bxf4 1-0


[Site "https://www.chess.com"]

[Event "Titled Tuesday Blitz July 26 Early 2022"]
[White "Srihari L R"]
[Black "Yaniuk, Volodymyr"]
[WhiteFideId "46617116"]
[BlackFideId "14133083"]
[WhiteElo "2170"]
[BlackElo "2141"]
[Result "1/2-1/2"]
[Round "03"]
[TimeControl "180+1"]
[Date "2022.07.27"]
[WhiteClock "0:00:05"]
[BlackClock "0:00:14"]

1. d4 d5 2. c4 e6 3. Nf3 Nf6 4. g3 Be7 5. Bg2 O-O 6. O-O dxc4 7. Qc2 b5 8. a4 Bb7 9. axb5 a6 10. Nc3 axb5 11. Rxa8 Bxa8 12. Nxb5 c5 13. Qxc4 cxd4 14. Nbxd4 Bd5 15. Qc2 Qb6 16. Be3 Qb7 17. Rc1 h6 18. Ne1 Bxg2 19. Nxg2 Nd5 20. Bd2 Na6 21. Ne3 Bf6 22. Nxd5 Qxd5 23. Nf3 Rb8 24. Bc3 Nb4 25. Qd1 Na2 26. Qxd5 exd5 27. Rc2 Rc8 28. Rd2 Bxc3 29. bxc3 Nxc3 30. Kg2 f6 31. e3 Kf7 32. Rc2 Rc7 33. Rd2 Ne4 34. Ra2 Rc1 35. Nd4 Rd1 36. Ra7+ Kg8 37. Ne6 Rd2 38. Rxg7+ Kh8 39. Rd7 Nxf2 40. Nf4 Ng4+ 41. Kg1 Nxe3 42. Re7 d4 43. Rd7 Ng4 44. h3 Ne5 45. Rd6 Kg7 46. Nh5+ Kg6 47. Rxf6+ Kxh5 48. Rf5+ Kg6 49. Rxe5 h5 50. Rd5 Kh6 51. h4 Kg6 52. Kh1 Kh6 53. Kg1 Kg6 54. Kh1 d3 55. Kg1 Rd1+ 56. Kg2 d2 57. Rd6+ Kf5 58. Rd4 Ke5 59. Rd8 Ke4 60. Re8+ Kd3 61. Rd8+ Kc2 62. Rc8+ Kd3 63. Rd8+ Kc3 64. Rc8+ Kd4 65. Rd8+ Kc5 66. Rc8+ Kd6 67. Rd8+ Ke7 68. Rd3 Ke6 69. Kh2 Kf5 70. Rd8 Kg4 71. Kg2 Kf5 72. Kh2 Ke4 73. Kg2 Ke3 74. Re8+ Kd3 75. Rd8+ 1/2-1/2


[Site "https://www.chess.com"]

[Event "Titled Tuesday Blitz July 26 Early 2022"]
[White "Svane, Frederik"]
[Black "Karttunen, Mika"]
[WhiteFideId "12923044"]
[BlackFideId "502081"]
[WhiteElo "2459"]
[BlackElo "2343"]
[Result "1-0"]
[Round "03"]
[TimeControl "180+1"]
[Date "2022.07.26"]
[WhiteClock "0:00:54"]
[BlackClock "0:00:39"]

1. e4 c5 2. Nf3 d6 3. Bb5+ Nc6 4. O-O Nf6 5. e5 Nd5 6. Nc3 Nxc3 7. dxc3 Qb6 8. a4 Bg4 9. h3 Bxf3 10. Qxf3 a6 11. exd6 axb5 12. d7+ Kxd7 13. Qxf7 Rxa4 14. Rd1+ Kc8 15. Bf4 Nd8 16. Qd5 e5 17. Qd7+ Kb8 18. Bxe5+ Ka7 19. Bc7 Qc6 20. Qxd8 g6 21. Qb8+ 1-0


[Site "https://www.chess.com"]

[Event "Titled Tuesday Blitz July 26 Early 2022"]
[White "Taboas Rodriguez, Daniel"]
[Black "Vakhlamov, Igor L."]
[WhiteFideId "2208466"]
[BlackFideId "24126748"]
[WhiteElo "2429"]
[BlackElo "2401"]
[Result "0-1"]
[Round "03"]
[TimeControl "180+1"]
[Date "2022.07.26"]
[WhiteClock "0:00:08"]
[BlackClock "0:00:15"]

1. d4 d5 2. c4 e6 3. Nc3 c5 4. Nf3 cxd4 5. Nxd4 e5 6. Nf3 d4 7. Nd5 Nc6 8. e3 Nf6 9. Nxf6+ Qxf6 10. Bd3 Bg4 11. O-O Bc5 12. Be4 O-O 13. h3 Bh5 14. a3 a5 15. Qb3 Qe7 16. exd4 exd4 17. Re1 Qc7 18. Bg5 Rfe8 19. Bh4 a4 20. Qd3 Bg6 21. Bg3 Qb6 22. Bxg6 hxg6 23. Re2 Rxe2 24. Qxe2 d3 25. Qxd3 Qxb2 26. Rb1 Qxa3 27. Qd7 Na5 28. Bc7 Qa2 29. Rd1 Qxf2+ 30. Kh1 Nxc4 31. Bf4 a3 32. Qxb7 Re8 33. Qb5 Qe2 34. Re1 Qxe1+ 35. Nxe1 Rxe1+ 36. Kh2 a2 0-1


[Site "https://www.chess.com"]